 Dungeon Crawl Stone Soup version 0.29-a0-330-g52719c12eb (webtiles) character file.

Game seed: 17878605387510862564

348 kae the Spear-Bearer (level 6, -1/44 HPs)
             Began as a Merfolk Gladiator on Apr 20, 2022.
             Slain by a gnoll
             ... wielding a +0 whip
              (7 damage)
             ... on level 3 of the Dungeon.
             The game lasted 00:02:14 (2823 turns).

kae the Spear-Bearer (Merfolk Gladiator)            Turns: 2823, Time: 00:02:14

Health: -1/44      AC:  6    Str: 16    XL:     6   Next: 60%
Magic:  6/6        EV: 13    Int:  8    God:
Gold:   236        SH:  0    Dex: 15    Spells: 5/5 levels left

rFire   . . .      SeeInvis +   a - +1 trident
rCold   . . .      Faith    .   (no shield)
rNeg    . . .      Spirit   .   b - +0 leather armour
rPois   .          Reflect  .   c - +0 helmet
rElec   .          Harm     .   p - +1 cloak
rCorr   .          Rampage  .   (no gloves)
Will    .....                   (no boots)
Stlth   +.........              (no amulet)
HPRegen 0.14/turn               f - ring of see invisible
MPRegen 0.10/turn               (no ring)

@: hasted, very quick
A: (nimble swimmer 2), mertail
a: no special abilities


You were on level 3 of the Dungeon.
You visited 1 branch of the dungeon, and saw 4 of its levels.

You collected 236 gold pieces.

Inventory:

Hand Weapons
 a - a +1 trident (weapon)
Missiles
 d - 3 throwing nets (quivered)
 e - a javelin
Armour
 b - a +0 leather armour (worn)
 c - a +0 helmet (worn)
 p - a +1 cloak (worn)
Jewellery
 f - a ring of see invisible (left hand)
 g - an amulet of the acrobat
 n - an amulet of magic regeneration
 q - an amulet of reflection
Scrolls
 h - a scroll of enchant weapon
Potions
 j - 3 potions of brilliance
 k - a potion of might


   Skills:
 - Level 2.2 Fighting
 + Level 9.4 Polearms
 - Level 2.0 Throwing
 - Level 4.0 Dodging


You had 5 spell levels left.
You didn't know any spells.
Your spell library contained the following spells:

 Spells                   Type           Power      Damage    Failure   Level
 Cause Fear               Hex            0%         N/A       99%         4
 Silence                  Hex/Air        0%         N/A       100%        5
 Summon Forest            Summ/Tloc      0%         N/A       100%        5
 Yara's Violent Unravell  Hex/Tmut       0%         3d3       100%        5
 Eringya's Noxious Bog    Tmut/Pois      0%         N/A       100%        6
 Simulacrum               Ice/Necr       0%         N/A       100%        6
 Summon Hydra             Summ           0%         N/A       100%        7


Dungeon Overview and Level Annotations

Branches:
Dungeon (4/15)
 Temple: D:4-7

Altars:
Ashenzari
Qazlal


Innate Abilities, Weirdness & Mutations

((You are very nimble when in or above water. (Stealth+, EV+, Speed+++)))
Your lower body shifts to a powerful aquatic tail in water.


Message History

You hit the gnoll.
The gnoll is moderately wounded.
The gnoll closely misses you.
The gnoll hits you from afar with a +0 spear.
* * * LOW HITPOINT WARNING * * *
The gnoll hits you with a +0 flail.
* * * LOW HITPOINT WARNING * * *
You barely miss the gnoll.
The gnoll is moderately wounded.
The gnoll hits you with a +0 whip.
* * * LOW HITPOINT WARNING * * *
The gnoll closely misses you. The gnoll hits you with a +0 flail.
* * * LOW HITPOINT WARNING * * *
It was a potion of curing.
You feel better. The gnoll barely misses you. The gnoll completely misses you.
The gnoll hits you with a +0 flail.
* * * LOW HITPOINT WARNING * * *
You hit the gnoll.
The gnoll is moderately wounded.
The gnoll closely misses you.
The gnoll hits you from afar with a +0 spear.
* * * LOW HITPOINT WARNING * * *
The gnoll closely misses you.
You closely miss the gnoll.
The gnoll is moderately wounded.
The gnoll closely misses you. The gnoll hits you but does no damage.
The gnoll hits you with a +0 flail.
* * * LOW HITPOINT WARNING * * *
Okay, then.
You feel better. The gnoll hits you with a +0 whip.
* * * LOW HITPOINT WARNING * * *
The gnoll hits you from afar with a +0 spear.
* * * LOW HITPOINT WARNING * * *
The gnoll hits you but does no damage.
It was a potion of haste.
You feel yourself speed up. The gnoll misses you. x2
The gnoll barely misses you.
You feel better.
You hit the gnoll.
The gnoll is severely wounded.
The gnoll hits you with a +0 whip!
You die...

...###.###.#..########## ####....
.#..##.#⌠#.#.### ##...
.....>.###.....## #8K.
.#.###).....##..# ###.
.#..###.###.###.## #####
.....##.###.# #.)# ##...#
####.##..##.# ##.# ##.....
...#.###..#.####g# #......
.....####.....##@# #......
..........###.##g# #......
..........###.##g####### #......
.....##...###.........)##########
....##.)...#..#.#...####8###8###.
...###.##..#.....##..#...........
#...##.##.._......##.............
...........#...^...##.###..######
##++#...#..#..##.#.##.####.##


You could see 3 gnolls.

Vanquished Creatures
  A necrophage (D:3)
  A scorpion (D:4)
  Jessica (D:3)
  An iguana (D:4)
  An orc wizard (D:4)
  2 gnolls
  5 adders
  3 dart slugs
  4 orcs
  4 ball pythons
  3 endoplasms
  3 giant cockroaches
  4 goblins
  9 hobgoblins
  3 jackals (D:3)
  2 quokkas (D:2)
  4 bats
  A frilled lizard (D:2)
  3 kobolds
  7 rats
62 creatures vanquished.

Vanquished Creatures (others)
  An orc wizard (D:4)
  A goblin (D:4)
2 creatures vanquished.

Grand Total: 64 creatures vanquished

Notes
Turn   | Place    | Note
-------+----------+-------------------------------------------
     0 | D:1      | kae the Merfolk Gladiator began the quest for the Orb.
     0 | D:1      | Reached XP level 1. HP: 16/16 MP: 1/1
   239 | D:1      | Found a faded altar of an unknown god.
   319 | D:1      | Reached XP level 2. HP: 18/22 MP: 2/2
   392 | D:1      | Reached skill level 5 in Polearms
   536 | D:1      | Reached XP level 3. HP: 26/27 MP: 3/3
   836 | D:2      | Found a stormy altar of Qazlal.
  1082 | D:2      | Reached skill level 6 in Polearms
  1142 | D:2      | Reached XP level 4. HP: 33/33 MP: 4/4
  1223 | D:2      | Got the Guide on the Glacier and Execration
  1629 | D:3      | Noticed Jessica
  1636 | D:3      | Killed Jessica
  1637 | D:3      | Reached skill level 7 in Polearms
  1698 | D:3      | Noticed a necrophage
  1705 | D:3      | Killed a necrophage
  1706 | D:3      | Reached XP level 5. HP: 38/38 MP: 5/5
  1713 | D:3      | Reached skill level 8 in Polearms
  1753 | D:3      | Found a broken altar of Ashenzari.
  2496 | D:4      | Reached XP level 6. HP: 44/44 MP: 6/6
  2540 | D:4      | Reached skill level 9 in Polearms
  2639 | D:4      | Noticed a black bear
  2820 | D:3      | HP: 1/44 [gnoll/+0 spear (4)]
  2823 | D:3      | Slain by a gnoll

Illustrated notes

Levels and vault maps discovered:
D:1:      ebering_trefoil_twist, layout_basic,
          dreamdust_ecumenical_altar_angels_and_demons, lemuel_old_faithful
D:2:      layout_basic, basic_altar
D:3:      cheibrodos_old_hovel, layout_rooms, cheibrodos_ashenzari_chains,
          serial_corexii_hall, chequers_hall_statues_y,
          chequers_hall_statues_wall_a, chequers_hall_statues_wall_a,
          chequers_hall_statues_wall_a, feat_on_display, uniq_jessica
D:4:      layout_rooms, grunt_temple_overflow_holy_war,
          mainiacjoe_overflow_divided_tiny, minmay_fire_ice_demons

Skill      XL: |  1  2  3  4  5  6 |
---------------+-------------------+-----
Polearms       | 5 6 7 8 9 |  9.4
Fighting       | |  2.2
Throwing       | |  2.0
Dodging        | |  4.0

Action                   |  1- 3 |  4- 6 || total
-------------------------+-------+-------++-------
Melee: Trident           |    97 |   143 ||   240
       Punch             |     1 |       ||     1
  Use: Scroll            |       |     7 ||     7
       Potion            |       |     4 ||     4
 Stab: Sleeping          |     1 |     1 ||     2
Armor: Leather armour    |    20 |    30 ||    50
Dodge: Dodged            |    57 |    96 ||   153

Table legend: (Time is in decaauts)
 A = Elapsed time spent in this place.
 B = Non-inter-level travel time spent in this place.
 C = Inter-level travel time spent in this place.
 D = Time resting spent in this place.
 E = Time spent auto-exploring this place.
 F = Levels seen in this place.
 G = Mean time per level.
                   A        B        C        D        E       F      G
               +--------+--------+--------+--------+--------+-----+--------+
         Total |   2806 |   2690 |    116 |    202 |   1998 |   4 |  701.5 |
       Dungeon |   2806 |   2690 |    116 |    202 |   1998 |   4 |  701.5 |
               +--------+--------+--------+--------+--------+-----+--------+

Top non-repeatable levels by time:
     D:3: 941 daAuts
     D:1: 831 daAuts
     D:2: 792 daAuts
     D:4: 240 daAuts
